 Dungeon Crawl Stone Soup version 0.20-a0-286-gae82e34 (webtiles) character file.

7 Junicave the Digger (level 2, 15/15 HPs)
             Began as a Gargoyle Earth Elementalist on Dec 14, 2016.
             Quit the game on level 1 of the Dungeon.
             The game lasted 00:01:36 (326 turns).

Junicave the Digger (Gargoyle Earth Elementalist)    Turns: 326, Time: 00:01:37

Health: 15/15      AC:  4    Str: 11    XL:     2   Next: 4%
Magic:  2/5        EV: 12    Int: 15    God:
Gold:   27         SH:  0    Dex: 10    Spells: 5/6 levels left

rFire  . . .     SeeInvis .     (no weapon)
rCold  . . .     Gourm    .     c - +0 robe
rNeg   + . .     Faith    .     (no shield)
rPois  ∞         Spirit   +     (no helmet)
rElec  +         Reflect  .     (no cloak)
rCorr  .         Harm     .     (no gloves)
MR     .....                    (no boots)
Stlth  ++........               m - amulet of guardian spirit
                                (no ring)
                                (no ring)

@: no status effects
A: negative energy resistance 1, electricity resistance, unbreathing,
petrification resistance, rot immunity, AC +2
a: no special abilities


You were on level 1 of the Dungeon.
You were not hungry.

You visited 1 branch of the dungeon, and saw 1 of its levels.

You collected 27 gold pieces.

Inventory:

Missiles
 b - 20 stones (quivered)
Armour
 c - a +0 robe (worn)
Jewellery
 m - an amulet of guardian spirit (around neck)
Scrolls
 f - a scroll of identify {unknown}
 g - a scroll of amnesia {unknown}
 i - a scroll of random uselessness {unknown}
 k - 2 scrolls of fear {unknown}
 l - a scroll of enchant armour {unknown}
Potions
 j - a potion of agility {unknown}
 n - 2 potions of haste {unknown}
 o - a potion of cancellation {unknown}
Books
 e - a book of Geomancy

   Spells                             Type                      Level
   a - Sandblast                      Earth                        1
   b - Passwall                       Transmutation/Earth          2
   c - Stone Arrow                    Conjuration/Earth            3
   d - Petrify                        Transmutation/Earth          4
   e - Lee's Rapid Deconstruction     Earth                        5
Comestibles
 a - 3 chunks of flesh
 d - 2 bread rations
 h - 3 fruits


   Skills:
 - Level 1.5 Dodging
 - Level 2.1 Stealth
 * Level 2.5 Spellcasting
   Level 0.7 Transmutations
 + Level 3.7 Earth Magic


You had 5 spell levels left.
You knew the following spells:

 Your Spells              Type           Power        Failure   Level  Hunger
a - Sandblast             Erth           ##....       6%          1    #......


Dungeon Overview and Level Annotations

Branches:
Dungeon (1/15)

Altars:


Innate Abilities, Weirdness & Mutations

You are resistant to torment.
Your stone body is resilient. (AC +2)
You are immune to poison.
You resist negative energy. (rN+)
You are resistant to electric shocks. (rElec)
You can survive without breathing.
You are immune to petrification.
You are immune to rotting.


Message History

You hit the hobgoblin.
The hobgoblin is heavily wounded.
The hobgoblin hits you but does no damage.
You barely miss the hobgoblin.
The hobgoblin is heavily wounded.
The hobgoblin barely misses you.
You hit the hobgoblin.
The hobgoblin is almost dead.
You hit the hobgoblin.
You kill the hobgoblin!
You have reached level 2!
Things that are here:
a club; a hobgoblin corpse You butcher the hobgoblin corpse.
a - 3 chunks of flesh (gained 1)
You see here a club.
Found a stone staircase leading down.
n - 2 yellow potions
o - a green potion Are you sure you want to abandon this character and quit the game? (Confirm with "yes".)

#### .### ....
...# ####
######.#.#.#
..........#
#.........#
+...$.....#
#......... #.##
##.###@........#
....
...........##....
###
###.#####.......#
.... #.
#.##.###...# ####
#.##.#........#
.#
#.............# #
#....##.#.....#
#....##.#.....# #
#....>........#


There were no monsters in sight!

Vanquished Creatures
  A giant cockroach (D:1)
  A hobgoblin (D:1)
  A kobold (D:1)
  A bat (D:1)
  A frilled lizard (D:1)
  3 rats (D:1)
8 creatures vanquished.

Notes
Turn   | Place    | Note
-------+----------+-------------------------------------------
     0 | D:1      | Junicave the Gargoyle Earth Elementalist began the quest for the Orb.
     0 | D:1      | Reached XP level 1. HP: 10/10 MP: 3/3
   305 | D:1      | Reached XP level 2. HP: 15/15 MP: 0/5
   326 | D:1      | Quit the game

Vault maps used:
D:1:      dpeg_arrival_chambers_temple_mockup, roderic_lattice_a,
          minmay_tromino_i2

Action                   || total
-------------------------++-------
Melee: Unarmed           ||    35
 Cast: Sandblast         ||     8
Armor: Robe              ||    11
Dodge: Dodged            ||    24
